 Dungeon Crawl Stone Soup version 0.29.1-15-g9cfb28693d (webtiles) character file.

Game seed: 14351387876614306472

28 nickaroo1289 the Shield-Bearer (level 2, -7/29 HPs)
             Began as a Troll Fighter on Mar 15, 2023.
             Killed from afar by Robin (12 damage)
             ... with a puff of flame
             ... on level 2 of the Dungeon.
             The game lasted 00:02:26 (283 turns).

nickaroo1289 the Shield-Bearer (Troll Fighter)       Turns: 283, Time: 00:02:27

Health: -7/29      AC:  4    Str: 23    XL:     2   Next: 96%
Magic:  1/1        EV:  8    Int:  4    God:
Gold:   52         SH:  7    Dex:  9    Spells: 1/1 levels left

rFire   . . .      SeeInvis .     - Unarmed
rCold   . . .      Faith    .   b - +0 kite shield
rNeg    . . .      Spirit   .   a - +0 robe
rPois   .          Reflect  .   (helmet restricted)
rElec   .          Harm     .   (no cloak)
rCorr   .          Rampage  .   (gloves unavailable)
Will    .....                   (boots unavailable)
Stlth   +.........              (no amulet)
HPRegen 0.89/turn               (no ring)
MPRegen 0.07/turn               (no ring)

@: no status effects
A: large, unfitting armour, claws 3, regeneration 1, shaggy fur 1, tough skin 1
a: no special abilities


You were on level 2 of the Dungeon.
You visited 1 branch of the dungeon, and saw 2 of its levels.

You collected 52 gold pieces.

Inventory:

Armour
 a - a +0 robe (worn)
 b - a +0 kite shield (worn)
Jewellery
 d - a ring of magical power
Potions
 c - a potion of might


   Skills:
 + Level 2.5 Fighting
 + Level 2.7 Dodging
 + Level 3.1 Shields
 + Level 2.4 Unarmed Combat


You had one spell level left.
You didn't know any spells.
Your spell library was empty.

Dungeon Overview and Level Annotations

Branches:
Dungeon (2/15)

Altars:

Annotations:
D:2 Robin


Innate Abilities, Weirdness & Mutations

You are too large for most types of armour.
You have claws for hands.
Your natural rate of healing is unusually fast.
You are covered in fur. (AC +1)
You have tough skin. (AC +1)


Message History

The goblin hits you but does no damage.
You scratch the goblin.
You kill the goblin!
The goblin barely misses you. The goblin hits you with a +0 club.
* * * LOW HITPOINT WARNING * * *
You scratch the goblin but do no damage.
The goblin hits you with a +0 club.
* * * LOW HITPOINT WARNING * * *
The goblin completely misses you.
You claw the goblin!
You kill the goblin!
Robin roars a battlecry!
The goblins go into a battle-frenzy!
You block the goblin's attack.
You completely miss the goblin. The goblin closely misses you.
You closely miss the goblin.
Robin says, "Feeling lonely?"
You block the goblin's attack. The hobgoblin misses you.
You block the goblin's attack.
You scratch the goblin.
You kill the goblin!
You block the goblin's attack. You block the hobgoblin's attack.
The goblin closely misses you. The hobgoblin hits you.
* * * LOW HITPOINT WARNING * * *
You claw the hobgoblin!
You kill the hobgoblin!
The goblin barely misses you.
You scratch the goblin.
The goblin is moderately wounded.
The goblin hits you but does no damage.
You closely miss the goblin.
The goblin is moderately wounded.
You block the worm's attack. The goblin barely misses you.
You closely miss the goblin.
The goblin is moderately wounded.
You block the goblin's attack. The worm bites you!
* * * LOW HITPOINT WARNING * * *
The goblin hits you but does no damage.
Robin zaps a wand.
The puff of flame hits you!
You die...

..##.#..#.
.........
.......)# ##)##
#g.)# #.w.# #.g.#
#...# #>@.#
######>..#######
...............#
...(...........#
...............#
######...##......
#...# .##.##
#...# # # #...#


You could see a worm, Robin and a goblin (strong).

Vanquished Creatures
  A bat (D:1)
  11 goblins
  4 hobgoblins
  3 jackals (D:1)
  A kobold (D:1)
  A ball python (D:1)
  A frilled lizard (D:1)
22 creatures vanquished.

Vanquished Creatures (others)
  A plant (D:1)
1 creature vanquished.

Grand Total: 23 creatures vanquished

Notes
Turn   | Place    | Note
-------+----------+-------------------------------------------
     0 | D:1      | nickaroo1289 the Troll Fighter began the quest for the Orb.
     0 | D:1      | Reached XP level 1. HP: 22/22 MP: 0/0
   123 | D:1      | Reached XP level 2. HP: 22/29 MP: 1/1
   201 | D:2      | Reached skill level 3 in Shields
   249 | D:2      | Noticed Robin
   283 | D:2      | Killed from afar by Robin

Illustrated notes

Levels and vault maps discovered:
D:1:      pf_arrival_petrified_forest, layout_loops_ring, serial_bayou_pond_b,
          serial_bayou_lagoon_b
D:2:      layout_loops_cross, uniq_robin

Skill      XL: |  1  2 |
---------------+-------+-----
Shields        | 3 |  3.1
Fighting       | |  2.5
Dodging        | |  2.7
Unarmed Combat | |  2.4

Action                   || total
-------------------------++-------
Melee: Unarmed           ||    57
  Use: Scroll            ||     1
Armor: Robe              ||    27
Dodge: Dodged            ||    44
Block: Kite shield       ||    48
